Map: Orbital Shipyard

Players

uThermal - Winner!

  • Race: Terran Terran
  • League: Grandmaster

AiLillekanin (Lillekanin)

  • Race: Terran Terran
  • League: Master

Event: NationWars III

VOD

Have the link to the VOD?

Description

Time

  • Played on: Dec. 11, 2015, 1:41 p.m.
  • Length: 4:05
Show
View Real Time Build Order
Export as new Build Order

uThermal Terran - Winner!

Build Orders:  

Get SALT Encoding   

  12  0:00  SCV  
  13  0:12  SCV  
  14  0:17  Supply Depot  
  14  0:25  SCV  
  15  0:29  Refinery  
  15  0:39  SCV  
  16  0:44  Barracks  
  16  0:51  SCV  
  17  1:03  SCV  
  18  1:05  Refinery  
  18  1:15  SCV  
  19  1:32  Factory  
  19  1:33  Marine  
  19  1:36  Orbital Command  
  20  1:46  Supply Depot  
  20  1:51  Reaper  
  21  2:12  Supply Depot  
  23  2:15  Hellion  
  23  2:18  SCV  
  23  2:23  Reaper  
  23  2:34  SCV  
  23  2:37  Hellion  
  21  2:46  SCV  
  22  2:55  Reaper  
  25  2:58  Hellion  
  25  3:11  SCV  
  27  3:20  Hellion  
  27  3:27  Reaper  
  27  3:29  SCV  
  27  3:30  Supply Depot  
  29  3:43  Hellion  
  31  3:51  SCV  
  32  3:59  Supply Depot  
Show
View Real Time Build Order
Export as new Build Order

AiLillekanin Terran 

Build Orders:  

Get SALT Encoding   

  12  0:09  Supply Depot  
  12  0:18  Refinery  
  12  0:36  Barracks  
  12  0:55  Barracks  
  12  1:23  Reaper, Orbital Command  
  13  1:43  Reaper  
  14  1:55  Reaper  
  15  2:15  Reaper  
  16  2:27  Reaper  
  14  2:47  Reaper  
  14  2:58  Bunker  
  14  2:59  Reaper  
  11  3:19  Reaper  
Tags
 
Add a new tag
Caveats
  • Supply blocks, unpowered buildings, or Contaminate may cause inaccurate times.
  • Supply counts are checked every 10 seconds.